Description

Vers 3:15 vous avez 7 roachs.

VOD

https://www.youtube.com/watch?v=IjFAm_t5Lo4

Replay - ZvP 7 roach 3 15

Build Order

Get SALT Encoding   

  12  0:03  Drone  this drone go at the proxy
  13  0:09  Drone  
  14  0:27  Spawning Pool  
  13  0:53  Hatchery  (proxy)
  13  0:56  Drone  
  13  1:01  Drone  
  14  1:05  Extractor  
  13  1:18  Roach Warren  
  12  1:28  Overlord  
  12  1:36  Overlord  
  12  1:58  Roach x3  B1
  18  2:10  Roach  (proxy)
  20  2:19  Roach  (proxy)
  22  2:28  Roach  (proxy)
  24  2:38  Roach  (proxy)
Spawning Tool Build Advisor. Get it on Overwolf

Go to:

Details

  • Created by: defer
  • Published on: Aug 13, 2017
  • Modified on: Aug 13, 2017
  • Patch: 3.8.0
Show
View Real Time Build Order
Export as new Build Order

Comments (1)

On Jan. 7, 2023, 8:12 a.m., skribs  said:

This build is an absolute killer, especially in ZvP. The opponent walls off expecting a ling flood, and it hits faster than any other Roach cheese I've seen.

I like to put my spawning pool near my ramp and my roach warren in the back, so there's a chance my opponent will only scout the pool.

Create an account to comment!